 Dungeon Crawl Stone Soup version 0.29-a0-378-gc08b2e8bf8 (webtiles) character file.

Game seed: 11364207099269632929

1355 NinjaNoafa the Ruffian (level 8, -1/78 HPs)
             Began as a Troll Fighter on May 4, 2022.
             Slain by Blork the orc
             ... wielding a +0 flail
              (6 damage)
             ... on level 5 of the Dungeon.
             The game lasted 00:09:38 (3586 turns).

NinjaNoafa the Ruffian (Troll Fighter)              Turns: 3586, Time: 00:09:39

Health: -1/78      AC:  3    Str: 29    XL:     8   Next: 37%
Magic:  7/7        EV:  9    Int:  4    God:
Gold:   272        SH:  8    Dex: 11    Spells: 7/7 levels left

rFire   . . .      SeeInvis .     - Unarmed
rCold   . . .      Faith    .   b - +0 kite shield
rNeg    + . .      Spirit   .   a - +0 robe
rPois   .          Reflect  .   (helmet restricted)
rElec   +          Harm     .   (no cloak)
rCorr   .          Rampage  .   (gloves unavailable)
Will    .....                   (boots unavailable)
Stlth   +.........              (no amulet)
HPRegen 1.03/turn               f - ring of positive energy
MPRegen 0.10/turn               (no ring)

@: mighty
A: large, unfitting armour, claws 3, regeneration 1, shaggy fur 1, tough skin 1,
agile 1, deformed body, electricity resistance, strong 1, MP-powered wands
a: no special abilities


You were on level 5 of the Dungeon.
You visited 1 branch of the dungeon, and saw 6 of its levels.

You collected 272 gold pieces.

Inventory:

Armour
 a - a +0 robe (worn)
 b - a +0 kite shield (worn)
Jewellery
 f - a ring of positive energy (left claw)
Scrolls
 d - 2 scrolls of magic mapping
 h - a scroll of noise
 i - 2 scrolls of immolation
Potions
 e - a potion of mutation
 m - 2 potions of brilliance


   Skills:
 + Level 4.1 Fighting
 * Level 4.5 Dodging
 + Level 4.1 Shields
 * Level 6.0 Unarmed Combat
 - Level 3.0 Evocations


You had 7 spell levels left.
You didn't know any spells.
Your spell library contained the following spells:

 Spells                   Type           Power      Damage    Failure   Level
 Ensorcelled Hibernation  Hex/Ice        0%         N/A       89%         2
 Spider Form              Tmut/Pois      0%         N/A       98%         3
 Anguish                  Hex/Necr       0%         N/A       100%        4


Dungeon Overview and Level Annotations

Branches:
Dungeon (6/15)
 Temple: D:4-7

Altars:
Gozag
Yredelemnul

Annotations:
D:5 Blork the orc


Innate Abilities, Weirdness & Mutations

You are too large for most types of armour.
You have claws for hands.
Your natural rate of healing is unusually fast.
You are covered in fur. (AC +1)
You have tough skin. (AC +1)
You are agile. (Dex +2)
Armour fits poorly on your strangely shaped body.
You are resistant to electric shocks. (rElec)
Your muscles are strong. (Str +2)
You expend magic power (3 MP) to strengthen your wands.


Message History

You scratch the steam dragon.
The steam dragon is severely wounded.
The steam dragon breathes steam at you. The ball of steam misses you.
Blork the orc comes into view.
He is wielding a +0 flail.
You closely miss the steam dragon.
The steam dragon is severely wounded.
You are engulfed in a cloud of scalding steam.
The steam dragon completely misses you. The steam dragon barely misses you.
You feel very mighty all of a sudden.
You are engulfed in a cloud of scalding steam.
You block the steam dragon's attack. The steam dragon claws you.
You closely miss the steam dragon.
The steam dragon is severely wounded.
You are engulfed in a cloud of scalding steam.
* * * LOW HITPOINT WARNING * * *
Blork the orc mumbles some strange words.
Blork the orc seems to speed up.
The steam dragon closely misses you. You block the steam dragon's attack.
Okay, then.
You claw the steam dragon!
You kill the steam dragon!
The steam dragon scales are intact enough to wear.
You are engulfed in a cloud of scalding steam.
* * * LOW HITPOINT WARNING * * *
Your Unarmed Combat skill increases to level 6!
You claw Blork the orc!
Blork the orc is heavily wounded.
You are engulfed in a cloud of scalding steam.
* * * LOW HITPOINT WARNING * * *
Blork the orc hits you with a +0 flail!
* * * LOW HITPOINT WARNING * * *
Blork the orc points at you and mumbles some strange words.
The magic dart hits you.
* * * LOW HITPOINT WARNING * * *
You aren't carrying any items that you can evoke.
You closely miss Blork the orc.
Blork the orc is heavily wounded.
Blork the orc hits you with a +0 flail.
You die...

.. #... .# #... .#
##.#. .# ## .....##.
.. .. ...... [##..
#..##§.###...... [.
#....§.@o...# ##.
...###.###...... .. #
. #...# ...## .. ..
....####.## #.$.
.##..#
#.......#######......
######.......#.......
#.#####......... #.#
##.###....
##.#####..# #


You could see Blork the orc (fast).

Vanquished Creatures
  A vampire (D:6)
  A steam dragon (D:5)
  A water moccasin (D:4)
  An orc warrior (D:3)
  2 ogres (D:4)
  A scorpion (D:4)
  A necrophage (D:6)
  A jelly (D:4)
  A hound (D:4)
  3 orc priests
  Jessica (D:3)
  3 iguanas (D:4)
  2 orc wizards (D:3)
  6 gnolls
  7 adders
  4 river rats (D:3)
  An ufetubus (D:6)
  3 worms (D:3)
  A dart slug (D:3)
  19 orcs
  9 ball pythons
  4 bats
  5 endoplasms
  4 giant cockroaches
  7 goblins
  8 hobgoblins
  13 jackals
  3 quokkas
  2 frilled lizards
  8 kobolds
  8 rats
131 creatures vanquished.

Notes
Turn   | Place    | Note
-------+----------+-------------------------------------------
     0 | D:1      | NinjaNoafa the Troll Fighter began the quest for the Orb.
     0 | D:1      | Reached XP level 1. HP: 22/22 MP: 0/0
    51 | D:1      | Reached XP level 2. HP: 29/29 MP: 1/1
   698 | D:2      | Reached XP level 3. HP: 36/36 MP: 2/2
   808 | D:2      | Reached skill level 3 in Unarmed Combat
   877 | D:2      | Reached XP level 4. HP: 44/44 MP: 3/3
  1064 | D:2      | Reached skill level 1 in Evocations
  1222 | D:2      | Found a faded altar of an unknown god.
  1428 | D:3      | Reached XP level 5. HP: 22/52 MP: 4/4
  1559 | D:3      | Gained mutation: Armour fits poorly on your strangely
                  | shaped body. [potion of mutation]
  1559 | D:3      | Gained mutation: You are resistant to electric shocks.
                  | (rElec) [potion of mutation]
  1559 | D:3      | Gained mutation: You have hidden genetic potential. [potion
                  | of mutation]
  1559 | D:3      | Gained mutation: Your muscles are strong. (Str +2) [potion
                  | of mutation]
  1701 | D:3      | Noticed Jessica
  1713 | D:3      | Killed Jessica
  1759 | D:3      | Noticed an ice beast
  1836 | D:3      | Found an opulent altar of Gozag.
  1837 | D:3      | Found an opulent altar of Gozag.
  1840 | D:3      | Found an opulent altar of Gozag.
  1861 | D:3      | Reached XP level 6. HP: 59/59 MP: 5/5
  1998 | D:3      | Noticed an orc warrior
  2005 | D:3      | Killed an orc warrior
  2015 | D:3      | Gained mutation: You are agile. (Dex +2) [hidden potential]
  2193 | D:3      | Reached skill level 4 in Unarmed Combat
  2463 | D:3      | Found an opulent altar of Gozag.
  2804 | D:4      | Reached XP level 7. HP: 67/67 MP: 6/6
  2834 | D:4      | Gained mutation: You expend magic power (3 MP) to
                  | strengthen your wands. [hidden potential]
  2834 | D:4      | Lost mutation: You have hidden genetic potential. [hidden
                  | potential expressed]
  3015 | D:4      | Reached skill level 5 in Unarmed Combat
  3086 | D:4      | Identified the +3 quarterstaff "Ugawni" {spect, Drain rElec
                  | Str+8 Dex-3}
  3100 | D:4      | Found a basalt altar of Yredelemnul.
  3263 | D:4      | HP: 3/68 [ogre/+0 giant spiked club (9)]
  3267 | D:4      | Reached XP level 8. HP: 7/78 MP: 0/7
  3360 | D:4      | You fall into a shaft and drop 2 floors!
  3517 | D:5      | Entered Level 5 of the Dungeon
  3530 | D:5      | Identified the +6 falchion of Ipelitze {flame, rC+}
  3580 | D:5      | Noticed Blork the orc
  3585 | D:5      | Reached skill level 6 in Unarmed Combat
  3586 | D:5      | Slain by Blork the orc

Illustrated notes

Levels and vault maps discovered:
D:1:      amcnicky_arrival_single_pillar, layout_loops_cross,
          dreamdust_princess_bridge, minmay_misc_feat_rows
D:2:      layout_loops_ring, dreamdust_ecumenical_altar_sealed_demon
D:3:      cheibrodos_pilgrimage, layout_basic,
          nicolae_gozag_conspicuous_consumption, lightli_sewer_entry_pipes,
          lightli_corner_chamber, uniq_jessica
D:4:      layout_basic, mainiacjoe_overflow_24_doors
D:5:      layout_rooms, elyvilon_altar_5, minmay_temple_entry_grid,
          minmay_misc_feat_chi, uniq_ijyb, uniq_blork_the_orc, uniq_duvessa
D:6:      layout_loops_ring

Skill      XL: |  1  2  3  4  5  6  7  8 |
---------------+-------------------------+-----
Unarmed Combat | 3 4 5 6 |  6.0
Evocations     | 2 3 |  3.0
Fighting       | 3 4 |  4.1
Dodging        | 3 4 |  4.5
Shields        | 3 4 |  4.1

Action                   |  1- 3 |  4- 6 |  7- 9 || total
-------------------------+-------+-------+-------++-------
Melee: Unarmed           |    74 |   188 |   114 ||   376
Evoke: Wand              |       |     3 |     9 ||    12
  Use: Potion            |       |     5 |     3 ||     8
       Scroll            |       |     6 |     5 ||    11
 Stab: Distracted        |     1 |       |       ||     1
       Sleeping          |     1 |     1 |       ||     2
Armor: Robe              |    27 |    54 |    13 ||    94
       Skin              |       |       |    18 ||    18
Dodge: Dodged            |    15 |    71 |    44 ||   130
Block: Kite shield       |    29 |    80 |    38 ||   147

Table legend: (Time is in decaauts)
 A = Elapsed time spent in this place.
 B = Non-inter-level travel time spent in this place.
 C = Inter-level travel time spent in this place.
 D = Time resting spent in this place.
 E = Time spent auto-exploring this place.
 F = Levels seen in this place.
 G = Mean time per level.
                   A        B        C        D        E       F      G
               +--------+--------+--------+--------+--------+-----+--------+
         Total |   3653 |   3469 |    184 |     50 |   2432 |   6 |  608.8 |
       Dungeon |   3653 |   3469 |    184 |     50 |   2432 |   6 |  608.8 |
               +--------+--------+--------+--------+--------+-----+--------+

Top non-repeatable levels by time:
     D:3: 1437 daAuts
     D:2: 726 daAuts
     D:1: 695 daAuts
     D:4: 567 daAuts
     D:6: 157 daAuts
     D:5: 68 daAuts
